 Dungeon Crawl Stone Soup version 0.17-a0-1979-g1c74939 (webtiles) character file.

11460 brucemayne the Severer (level 11, -1/141 HPs)
             Began as a Hill Orc Berserker on Oct 5, 2015.
             Was an Elder of Trog.
             Slain by an ogre
             ... wielding a +0 giant club
              (11 damage)
             ... on level 4 of the Orcish Mines.
             The game lasted 00:24:28 (4853 turns).

brucemayne the Severer (Hill Orc Berserker)         Turns: 4853, Time: 00:24:28

Health: -1/141     AC: 15    Str: 29    XL:     11   Next: 78%
Magic:  0/11       EV:  8    Int:  7    God:    Trog [****..]
Gold:   769        SH:  0    Dex: 12    Spells: 0 memorised, 10 levels left

rFire  . . .     SeeInvis .     E - +1 war axe (curse)
rCold  . . .     Clarity  .     y - +0 plate armour
rNeg   . . .     SustAt   .     (no shield)
rPois  .         Gourm    .     (no helmet)
rElec  .         Spirit   +     (no cloak)
rCorr  .         Warding  .     (no gloves)
rMut   .         Stasis   .     c - +0 pair of boots
MR     .....                    N - amulet of guardian spirit
Stlth  ..........               (no ring)
                                L - +2 ring of slaying

@: berserking, very quick, not resistant to hostile enchantments, extremely
unstealthy
A: agile 1
a: Burn Spellbooks, Berserk, Trog's Hand, Brothers in Arms, Renounce Religion


You were on level 4 of the Orcish Mines.
You worshipped Trog.
Trog was greatly pleased with you.
You were hungry.

You visited 2 branches of the dungeon, and saw 16 of its levels.
You also visited: Sewer.

You collected 769 gold pieces.

Inventory:

Hand Weapons
 a - a +0 hand axe
 E - a cursed +1 war axe (weapon)
 F - a +0 blowgun
 H - a +0 battleaxe
 I - the cursed +0 quarterstaff of Lewun {pain, +Blink rElec Dex+7, unknown}
   (You found it on level 8 of the Dungeon)

   In the hands of one skilled in necromantic magic, it inflicts extra damage on
   living creatures.
   It affects your dexterity (+7).
   It insulates you from electricity.
   It lets you blink.
   It has a curse placed upon it.
 P - a +4 broad axe
Missiles
 d - 4 throwing nets
 s - 4 tomahawks of returning
 u - 58 poisoned needles
 C - 9 javelins (quivered)
Armour
 b - a +0 animal skin
 c - a +0 pair of boots (worn)
 f - a +0 ring mail
 x - a +0 buckler
 y - a +0 plate armour (worn)
 G - a +0 mottled dragon armour
 O - a troll hide
Jewellery
 L - a +2 ring of slaying (left hand)
 N - an amulet of guardian spirit (around neck)
Wands
 l - a wand of frost (31)
 t - a wand of digging (9)
 A - a wand of heal wounds (1)
 J - a wand of magic darts (17)
Scrolls
 g - 2 scrolls of magic mapping
 h - 2 scrolls of remove curse
 n - a scroll of immolation
Potions
 e - a potion of mutation
 j - 2 potions of curing
 m - 3 potions of lignification {unknown}
 o - 3 potions of flight
 p - 2 potions of might
 q - a potion of haste
 z - 2 potions of berserk rage
 K - a potion of agility {unknown}
 M - a potion of ambrosia {unknown}
Books
 v - a book of the Earth

   Spells                             Type                      Level
   a - Leda's Liquefaction            Hexes/Earth                  4
   b - Bolt of Magma                  Conjuration/Fire/Earth       5
   c - Statue Form                    Transmutation/Earth          6
   d - Iron Shot                      Conjuration/Earth            6
   e - Shatter                        Earth                        9
   Trog disapproves of the use of such an item.
 D - an Akashic Record

   Spells                             Type                      Level
   a - Dispersal                      Translocation                6
   b - Controlled Blink               Translocation                7
   c - Malign Gateway                 Summoning/Translocation      7
   d - Disjunction                    Translocation                8
   Trog disapproves of the use of such an item.
Miscellaneous
 r - a legendary deck of defence
Comestibles
 i - 2 beef jerkies
 k - 5 meat rations
 w - 6 chunks of flesh
 B - 5 bread rations


   Skills:
 + Level 7.8 Fighting
 - Level 18.9 Axes
 + Level 8.8 Armour
 - Level 1.5 Dodging


You had 10 spell levels left.
You didn't know any spells.

Dungeon Overview and Level Annotations

Branches:
Dungeon (12/15)            Temple (0/1) D:4             Orc (4/4) D:10
    Elf (0/3) Orc:4
   Lair: D:8-11

Altars:
Makhleb
Vehumet
Xom
Yredelemnul
Zin
Jiyva

Shops:
D:7 (   Orc:3 }:*(   Orc:4 :

Annotations:
D:4 Dowan, Duvessa
D:10 exclusion: downstairs
Orc:3 exclusion: upstairs


Innate Abilities, Weirdness & Mutations

You are agile. (Dex +2)


Message History

The ogre barely misses you.
Unknown command.
Unknown command.
Unknown command.
You hit the two-headed ogre.
The two-headed ogre is lightly wounded.
You slash the ogre!
The ogre is moderately wounded.
You barely miss the ogre. You slash the ogre!
The ogre is moderately wounded.
You slash the ogre!
The ogre is moderately wounded.
You slash the two-headed ogre!
The two-headed ogre is heavily wounded.
You slash the ogre!
The ogre is heavily wounded.
You slash the ogre!
The ogre is heavily wounded.
The ogre hits you with a giant club!
You die...

###.##.......##..... .
##...##......##.O..OO ###.
#........##..OO.O###. #.#.##
##..#............## .
....###................# .
#...#.................# O
####.....................# O
##.#.........OOO.)[O......#
O
#...#.#......O@O.....O....#
O
#...#........OOO.(>.......#
#........................#
##..#........(##.#.#.......
##...##.....................
#...#......................
##.#.......#...............
#...#..#..................
##.#...##........##......


You could see an ogre mage (wandering), 2 two-headed ogres and 7 ogres.

Vanquished Creatures
  Maud (Orc:3)
  Harold (D:11)
  The ghost of brucemayne the Severer, a novice HOBe of Trog (D:10)
  A hill giant (D:10)
  2 cyclopes
  An ugly thing (D:11)
  3 trolls
  Grinder (D:6)
  A trapdoor spider zombie (D:12)
  5 two-headed ogres
  A deep elf mage (D:11)
  A hippogriff (D:6)
  Menkaure (D:7)
  An ice beast (D:7)
  6 orc warriors
  2 centaurs
  6 ogres
  A necrophage (D:11)
  14 big kobolds
  2 giant frogs
  A scorpion (D:5)
  5 wights
  3 jellies (D:11)
  2 crimson imps
  A centaur zombie (D:7)
  A wasp zombie (D:9)
  5 giant frog skeletons
  3 hounds
  16 orc wizards
  15 orc priests
  2 iguanas
  5 worker ants
  A hound zombie (D:7)
  5 mummies (D:7)
  A worker ant zombie (D:11)
  A river rat (D:4)
  3 gnolls (D:6)
  A shadow imp (D:7)
  5 adders
  An adder zombie (D:7)
  4 worms (Sewer)
  5 giant geckos
  59 orcs
  3 giant cockroaches
  2 goblins
  3 hobgoblins
  7 jackals
  30 kobolds
  4 ball pythons
  2 bats
  A giant gecko zombie (D:6)
  3 giant newts
  A quokka (D:7)
  A quokka zombie (D:7)
  5 rats
259 creatures vanquished.

Vanquished Creatures (collateral kills)
  Urug (Orc:3)
1 creature vanquished.

Vanquished Creatures (others)
  A crimson imp (D:9)
1 creature vanquished.

Grand Total: 261 creatures vanquished

Notes
Turn   | Place    | Note
--------------------------------------------------------------
     0 | D:1      | brucemayne the Hill Orc Berserker began the quest for the Orb.
     0 | D:1      | Reached XP level 1. HP: 19/19 MP: 1/1
   126 | D:1      | Reached XP level 2. HP: 20/26 MP: 2/2
   252 | D:1      | Found a shimmering altar of Xom.
   299 | D:2      | Found a faded altar to an unknown god.
   342 | D:3      | Reached skill level 5 in Axes
   353 | D:3      | Acquired Trog's second power
   412 | D:4      | Noticed an ogre
   425 | D:4      | Killed an ogre
   425 | D:4      | Reached skill level 6 in Axes
   425 | D:4      | Reached XP level 3. HP: 31/31 MP: 3/3
   425 | D:4      | Reached XP level 4. HP: 39/39 MP: 4/4
   446 | D:4      | Found a staircase to the Ecumenical Temple.
   448 | D:4      | Noticed Duvessa
   449 | D:4      | Noticed Dowan
   487 | D:3      | Reached skill level 7 in Axes
   565 | D:4      | Found a basalt altar of Yredelemnul.
   586 | D:4      | Noticed an ogre
   592 | D:4      | Killed an ogre
   592 | D:4      | Reached skill level 8 in Axes
   592 | D:4      | Reached XP level 5. HP: 33/45 MP: 5/5
   595 | D:4      | Reached XP level 6. HP: 38/51 MP: 6/6
   702 | D:4      | Found a glowing drain.
   706 | Sewer    | Entered a sewer
   791 | Sewer    | Reached skill level 9 in Axes
  1004 | D:5      | Entered Level 5 of the Dungeon
  1231 | D:6      | Reached skill level 10 in Axes
  1231 | D:6      | Reached XP level 7. HP: 34/57 MP: 7/7
  1334 | D:6      | Noticed a hippogriff
  1350 | D:6      | Killed a hippogriff
  1401 | D:6      | Reached skill level 11 in Axes
  1442 | D:6      | Noticed Grinder
  1442 | D:6      | Paralysed by Grinder for 3 turns
  1463 | D:6      | Killed Grinder
  1463 | D:6      | Reached skill level 12 in Axes
  1463 | D:6      | Reached XP level 8. HP: 64/64 MP: 8/8
  1683 | D:7      | Reached skill level 13 in Axes
  1791 | D:7      | Noticed Menkaure
  1893 | D:7      | Killed Menkaure
  1942 | D:7      | Reached skill level 5 in Fighting
  1974 | D:7      | Reached XP level 9. HP: 52/74 MP: 9/9
  1976 | D:7      | Found Guge's Weapon Shop.
  2087 | D:7      | Reached skill level 14 in Axes
  2259 | D:8      | Found a burning altar of Makhleb.
  2499 | D:8      | Reached skill level 15 in Axes
  2499 | D:8      | Reached skill level 5 in Armour
  2533 | D:8      | Got a jewelled quarterstaff
  2838 | D:10     | Entered Level 10 of the Dungeon
  2877 | D:10     | Noticed a hill giant
  2897 | D:10     | Killed a hill giant
  2897 | D:10     | Reached XP level 10. HP: 54/83 MP: 10/10
  2969 | D:10     | Noticed brucemayne's ghost (novice HOBe)
  3017 | D:10     | Killed brucemayne's ghost
  3017 | D:10     | Reached skill level 16 in Axes
  3090 | D:9      | Acquired Trog's third power
  3114 | D:9      | Found a glowing silver altar of Zin.
  3117 | D:9      | Found a radiant altar of Vehumet.
  3384 | D:10     | Noticed a cyclops
  3390 | D:10     | Killed a cyclops
  3430 | D:11     | Noticed a five-headed hydra
  3539 | D:11     | Noticed a brown ugly thing
  3557 | D:11     | Killed a brown ugly thing
  3565 | D:11     | Gained mutation: You are agile. (Dex +2) [potion of beneficial mutation]
  3610 | D:11     | Noticed Harold
  3625 | D:11     | Killed Harold
  3625 | D:11     | Reached skill level 17 in Axes
  3625 | D:11     | Reached XP level 11. HP: 89/89 MP: 9/11
  3988 | D:11     | Found a basalt altar of Yredelemnul.
  4011 | D:11     | Found a viscous altar of Jiyva.
  4064 | D:10     | Reached skill level 18 in Axes
  4111 | D:10     | Found a staircase to the Orcish Mines.
  4141 | Orc:1    | Entered Level 1 of the Orcish Mines
  4245 | Orc:3    | Found Ymmiton's Antique Weapon Shoppe.
  4245 | Orc:3    | Noticed Maud
  4261 | Orc:3    | Killed Maud
  4364 | Orc:3    | Found Jyriloec's General Store.
  4416 | Orc:3    | Found Zemeilorch's Gadget Shoppe.
  4439 | Orc:4    | Entered Level 4 of the Orcish Mines
  4439 | Orc:4    | Found Kuuconi's Book Shoppe.
  4439 | Orc:4    | Found a staircase to the Elven Halls.
  4690 | Orc:2    | Noticed an orc knight
  4749 | Orc:3    | Noticed Urug
  4767 | Orc:3    | Killed Urug
  4853 | Orc:4    | Slain by an ogre

Vault maps used:
D:1:      sevenhm_arrival_forest_fort_small_6, serial_bayou_pond_d,
          xom_teletrap_fun
D:2:      nicolae_dithmenos_through_a_glass_darkly,
          ashenzari_conservatory_becter, ecumenical_altar_2, uniq_robin
D:3:      uniq_crazy_yiuf_cottage
D:4:      nemelex_xobeh_ov_fountains_minmay, kennysheep_mini, temple_pool_b,
          first_bread, gup_sewer_entry_bowl, kennysheep_generic_room_11,
          uniq_eustachio, uniq_duvessa
D:5:      fedhas_altar_4, item_on_display_a, uniq_blork_the_orc
D:6:      gammafunk_temple_overflow_wave, grunt_ministairs_15, uniq_edmund,
          uniq_grinder
D:7:      serial_shops, shop, serial_undead, serial_undead_a, serial_undead_a,
          serial_undead_a, serial_undead_a, serial_undead_d, serial_undead_e,
          serial_undead_a, serial_undead_f, uniq_menkaure
D:8:      overflow_temple_1_default, lightli_temple_of_fire, special_room,
          uniq_gastronok
D:9:      nicolae_overflow_hidden_temple, serial_shops,
          nicolae_shop_window_shopping, hangedman_decor_points, grunt_ogre_cave
D:10:     erik_orc_3
D:11:     lair_0_dummy, basic_altar, jiyva_altar_1, uniq_harold, uniq_josephine
D:12:     uniq_azrael
Orc:3:    serial_shops, shop, nicolae_shop_waterfront, shop, shop, basic_altar,
          nicolae_orc_pool_cavern, uniq_maud, uniq_urug, uniq_snorg
Orc:4:    st_orc_ogre_mass, serial_shops, shop, uniq_sonja
Sewer:    sewer_co_15_rooms

Action                   |  1- 3 |  4- 6 |  7- 9 | 10-12 || total
-------------------------+-------+-------+-------+-------++-------
Melee: Hand axe          |    56 |   148 |   197 |       ||   401
       War axe           |       |       |   187 |   313 ||   500
Invok: Berserk           |     3 |     6 |    10 |     9 ||    28
       Trog's Hand       |       |     4 |     7 |     8 ||    19
       Brothers in Arms  |       |       |       |     1 ||     1
Evoke: Wand              |       |       |       |     2 ||     2
  Use: Scroll            |       |     3 |     5 |     6 ||    14
       Potion            |       |       |       |     1 ||     1
  Eat: Chunk             |     1 |     5 |    11 |    11 ||    28
       Bread ration      |       |     1 |     1 |       ||     2
       Beef jerky        |       |       |     1 |     4 ||     5
